 Dungeon Crawl Stone Soup version 0.24.0-28-g17ded55e90 (webtiles) character file.

Game seed: 4693791858559290720, levelgen mode: deterministic

224 Arum the Ducker (level 5, -2/42 HPs)
             Began as a Demonspawn Gladiator on Nov 11, 2019.
             Killed by nerve-wracking pain
             ... invoked by Grinder
              (7 damage)
             ... on level 5 of the Dungeon.
             The game lasted 00:02:57 (3014 turns).

Arum the Ducker (Demonspawn Gladiator)              Turns: 3014, Time: 00:02:57

Health: -2/42      AC:  7    Str: 17 (19) XL:     5   Next: 67%
Magic:  5/5        EV: 11    Int:  9      God:
Gold:   214        SH:  4    Dex: 17 (18) Spells: 4/4 levels left

rFire    + . .     SeeInvis .   a - +0 long sword
rCold    + + .     Gourm    .   (no shield)
rNeg     . . .     Faith    .   e - +0 scale mail (curse)
rPois    .         Spirit   .   c - +0 helmet
rElec    .         Reflect  .   (no cloak)
rCorr    .         Harm     .   (no gloves)
MR       .....                  (no boots)
Stlth    ..........             (no amulet)
HPRegen  0.14/turn              j - ring of protection from cold
MPRegen  0.09/turn              (no ring)

@: mighty, flying
A: large bone plates 1, agile 1, cold resistance 1, fire resistance 1, evolution
1, rot immunity
a: no special abilities


You were on level 5 of the Dungeon.
You were not hungry.

You visited 1 branch of the dungeon, and saw 4 of its levels.

You collected 214 gold pieces.

Inventory:

Hand Weapons
 a - a +0 long sword (weapon)
Missiles
 d - 3 throwing nets (quivered)
Armour
 c - a +0 helmet (worn)
 e - a cursed +0 scale mail (worn)
Jewellery
 j - a ring of protection from cold (left hand)
Wands
 l - a wand of polymorph (8)
 q - a wand of disintegration (18)
Scrolls
 i - a scroll of blinking {unknown}
 k - 2 scrolls of remove curse {unknown}
 n - 3 scrolls of identify {unknown}
 p - a scroll of fog {unknown}
Comestibles
 f - 15 rations


   Skills:
 + Level 3.8 Fighting
 + Level 4.0 Long Blades
 - Level 1.7 Throwing
 + Level 4.0 Dodging


You had 4 spell levels left.
You didn't know any spells.
Your spell library contained the following spells:

 Spells                   Type           Power        Failure   Level  Hunger
 Corona                   Hex            #......      83%         1    ##.....
 Ensorcelled Hibernation  Hex/Ice        #.....       92%         2    ###....
 Confuse                  Hex            #.......     99%         3    ####...
 Dazzling Spray           Conj/Hex       #.....       99%         3    ####...
 Tukima's Dance           Hex            #.......     99%         3    ####...


Dungeon Overview and Level Annotations

Branches:
Dungeon (3/15)

Altars:
Qazlal
Trog

Annotations:
D:5 Grinder


Innate Abilities, Weirdness & Mutations

You are partially covered in large bone plates. (SH +4)
You are immune to rotting.
You are agile. (Dex +2)
Your flesh is cold resistant. (rC+)
Your flesh is heat resistant. (rF+)
You evolve.


Message History

You fly up into the air.
Grinder says, "Mostly I couldn't keep them alive."
The crimson imp hits you but does no damage.
It was a potion of mutation.
You feel extremely strange.
You feel resistant to heat.
You feel nature experimenting on you.
Don't worry, failures die fast.
You feel agile.
You feel resistant to cold. The crimson imp barely misses you.
It was a potion of might.
You feel very mighty all of a sudden.
Unknown command.
You slash Grinder!
Grinder is heavily wounded.
The crimson imp blinks!
Grinder barely misses you.
You closely miss Grinder.
Grinder is heavily wounded.
Grinder says, "At least Makhleb appreciates what I'm doing."
Grinder gestures at you. Pain shoots through your body!
You die...

#.........#
#..........+
#.######...#
#.######...# #
#..†...### ####
#......# ...#
#......# ...#
#......#######...#
+......'...@5§...#
#......######....#
#......# #......#
######## #.......#
#...?.### #.....#
#.....# #.....#
#.....#


You could see Grinder.

Vanquished Creatures
  A hound (D:5)
  2 orc wizards (D:3)
  Ijyb (D:3)
  A worker ant (D:5)
  3 adders
  2 dart slugs
  A leopard gecko (D:5)
  6 orcs
  2 giant cockroaches
  7 goblins
  6 hobgoblins
  5 jackals
  2 quokkas (D:5)
  4 bats
  A frilled lizard (D:5)
  4 kobolds
  2 rats (D:2)
50 creatures vanquished.

Notes
Turn   | Place    | Note
-------+----------+-------------------------------------------
     0 | D:1      | Arum the Demonspawn Gladiator began the quest for the Orb.
     0 | D:1      | Reached XP level 1. HP: 16/16 MP: 1/1
   382 | D:1      | Gained mutation: You are immune to rotting. [demonic
                  | ancestry]
   382 | D:1      | Reached XP level 2. HP: 22/22 MP: 2/2
   890 | D:2      | Gained mutation: You are partially covered in large bone
                  | plates. (SH +4) [demonic ancestry]
   890 | D:2      | Reached XP level 3. HP: 16/28 MP: 3/3
  1573 | D:3      | Reached XP level 4. HP: 20/35 MP: 4/4
  1937 | D:3      | Found a stormy altar of Qazlal.
  1939 | D:3      | Noticed a fire elemental
  1939 | D:3      | Noticed an air elemental
  1940 | D:3      | Noticed a water elemental
  1940 | D:3      | Noticed an earth elemental
  2231 | D:3      | Noticed Ijyb
  2246 | D:3      | Killed Ijyb
  2246 | D:3      | Reached XP level 5. HP: 2/41 MP: 5/5
  2568 | D:3      | You fall into a shaft and drop 2 floors!
  2568 | D:5      | Entered Level 5 of the Dungeon
  2585 | D:5      | Found a bloodstained altar of Trog.
  2988 | D:5      | Noticed Grinder
  3003 | D:5      | Paralysed by Grinder for 5 turns
  3011 | D:5      | Gained mutation: Your flesh is heat resistant. (rF+)
                  | [potion of mutation]
  3011 | D:5      | Gained mutation: You evolve. [potion of mutation]
  3011 | D:5      | Gained mutation: You are agile. (Dex +2) [potion of
                  | mutation]
  3011 | D:5      | Gained mutation: Your flesh is cold resistant. (rC+)
                  | [potion of mutation]
  3014 | D:5      | Killed from afar by Grinder

Levels and vault maps discovered:
D:1:      scummos_arrival_star, layout_loops_corners, chequers_jeans
D:2:      layout_rooms, first_ration, minmay_door_square
D:3:      layout_loops_corners, nicolae_qazlal_style_of_elements,
          minmay_cut_off, uniq_ijyb
D:5:      layout_basic, minivault_14, trog_butcher_becter, uniq_grinder

Skill      XL: |  1  2  3  4  5 |
---------------+----------------+-----
Dodging        | 3 4 |  4.0
Long Blades    | 3 4 |  4.0
Fighting       | 3 |  3.8
Throwing       | |  1.7

Action                   |  1- 3 |  4- 6 || total
-------------------------+-------+-------++-------
Melee: Long sword        |    80 |   156 ||   236
  Use: Potion            |       |     7 ||     7
  Eat: Chunk             |     2 |     5 ||     7
Armor: Scale mail        |    31 |    64 ||    95
Dodge: Dodged            |    31 |    71 ||   102
Block: Other             |    12 |    26 ||    38
       Rpst.: Long sword |     8 |    26 ||    34
